VEGAS Golden Knights vs FLORIDA Panthers

Created - 29 février 2024 at 16:11

Goals
1 2 3 T
VEGAS Golden Knights 2 3 0 5
FLORIDA Panthers 2 1 1 4
Shots
1 2 3 T
VEGAS Golden Knights 10 12 11 33
FLORIDA Panthers 15 16 12 43

1st period

1. FLORIDA Panthers , Eetu Luostarinen 9 (Connor Murphy 10) at 5:15
2. VEGAS Golden Knights , Filip Chytil 7 (Tony DeAngelo 15, Colton Sissons 23) at 10:49 (PP)
3. FLORIDA Panthers , Josh Morrissey 6 (Matthew Tkachuk 19, Steven Stamkos 16) at 14:58 (PP)
4. VEGAS Golden Knights , Colton Sissons 8 (Filip Chytil 13, Jordan Oesterle 2) at 16:53

Penalties :
Brady Skjei (FLO) for Boarding (Minor) at 5:54, Dougie Hamilton (FLO) for Roughing (Minor) at 9:33, Adam Larsson (VGK) for Slashing (Double Minor) at 11:31, Dougie Hamilton (FLO) for Cross-checking (Minor) at 17:18

2nd period

5. VEGAS Golden Knights , Jared McCann 14 (Sebastian Aho 19, Adam Larsson 11) at 0:53
6. FLORIDA Panthers , Steven Stamkos 11 (Matthew Tkachuk 20, Carter Verhaeghe 6) at 7:05 (PP)
7. VEGAS Golden Knights , Alex Killorn 13 (Mikael Granlund 14) at 11:06
8. VEGAS Golden Knights , Noel Acciari 3 (Devin Shore 1) at 16:31

Penalties :
Noah Hanifin (VGK) for Slashing (Minor) at 3:02, Olli Maatta (VGK) for Tripping (Minor) at 6:39, Andrei Svechnikov (VGK) for High sticking (Minor) at 11:07, Josh Morrissey (FLO) for Hooking (Minor) at 14:23, Noah Hanifin (VGK) for Roughing (Minor) at 18:08

3rd period

9. FLORIDA Panthers , Matthew Tkachuk 12 (Steven Stamkos 17) at 11:59

Penalties :
Adam Larsson (VGK) for Holding (Minor) at 3:55, Filip Chytil (VGK) for Tripping (Minor) at 9:38, Matthew Tkachuk (FLO) for Spearing (Major / Game Misconduct) at 14:41

Goalie Stats

Anton Forsberg (VGK), 39 saves from 43 shots - (0,907), W, 17-14-4, 60:00 minutes
Cayden Primeau (FLO), 11 saves from 11 shots - (1,000), 23:13 minutes
Darcy Kuemper (FLO), 17 saves from 22 shots - (0,773), L, 18-10-5, 36:31 minutes

Players Stats for VEGAS Golden Knights

Player Name              G  A  P  +/- PIM S  H  SB GA TA FO     MP     PP MP  PK MP  
------------------------------------------------------------------------------------
Adam Larsson             0  1  1   2  6   0  5  1  0  0  0/0    20:48   0:00   5:02 
Alex Killorn             1  0  1  -1  0   3  2  1  0  0  0/1    19:53   6:23   4:03 
Andrei Svechnikov        0  0  0  -1  2   3  0  0  0  0  0/0    15:07   6:00   0:00 
Brenden Dillon           0  0  0   0  0   0  3  4  0  0  0/0    14:58   0:00   8:24 
Colton Sissons           1  1  2   1  0   2  2  0  0  0  20/44  22:55   5:49   9:27 
Devin Shore              0  1  1   1  0   0  0  0  0  0  0/0     5:26   0:00   0:53 
Evgenii Dadonov          0  0  0   1  0   0  1  0  0  0  0/1     7:20   0:00   0:00 
Filip Chytil             1  1  2   1  2   1  4  0  0  0  0/0    12:57   5:38   0:00 
Jared McCann             1  0  1   1  0   5  1  0  0  0  0/0    19:14   6:34   0:00 
Jordan Oesterle          0  1  1   0  0   0  0  0  0  0  0/0     8:44   0:00   2:10 
Mikael Granlund          0  1  1  -1  0   3  0  0  0  0  5/13   14:53   5:27   0:18 
Noah Hanifin             0  0  0   0  4   1  2  7  0  0  0/0    25:02   6:45   6:22 
Noel Acciari             1  0  1   1  0   2  0  0  0  0  7/16    8:36   0:00   4:03 
Olli Maatta              0  0  0   2  2   1  1  0  0  0  0/0    21:06   0:00   5:38 
Phil Di Giuseppe         0  0  0   1  0   1  0  0  0  0  0/1     4:33   0:00   0:00 
Sebastian Aho            0  1  1   1  0   4  0  3  0  0  20/27  28:25   6:34   8:52 
Tomas Tatar              0  0  0   1  0   3  1  0  0  0  0/0    18:18   5:38   0:00 
Tony DeAngelo            0  1  1   0  0   4  0  2  0  0  0/0    17:50   6:12   0:00 

Players Stats for FLORIDA Panthers

Player Name              G  A  P  +/- PIM S  H  SB GA TA FO     MP     PP MP  PK MP  
------------------------------------------------------------------------------------
Adam Henrique            0  0  0   1  0   1  0  0  0  0  7/11   12:18   0:00   3:54 
Brady Skjei              0  0  0   0  2   1  2  2  0  0  0/0    25:06   6:03   5:17 
Brandon Saad             0  0  0  -1  0   3  0  0  0  0  0/0    13:52   6:03   0:00 
Brock Nelson             0  0  0   0  0   3  1  0  0  0  1/6    24:50   5:29   7:07 
Carter Verhaeghe         0  1  1  -1  0   1  0  0  0  0  2/3    15:53   7:45   0:00 
Connor Murphy            0  1  1   1  0   0  0  0  0  0  0/0    15:42   0:00   6:47 
Derek Grant              0  0  0  -2  0   1  2  0  0  0  2/5     5:14   0:00   0:00 
Dougie Hamilton          0  0  0  -2  4   2  2  0  0  0  0/0    19:52   7:45   1:00 
Eetu Luostarinen         1  0  1   1  0   3  0  0  0  0  0/1    13:27   0:00   4:44 
Jordan Martinook         0  0  0  -2  0   0  0  0  0  0  0/0     6:12   0:00   0:58 
Josh Morrissey           1  0  1  -1  2   7  2  4  0  0  0/0    26:19   7:45   4:20 
Matt Irwin               0  0  0   1  0   0  0  0  0  0  0/0     8:55   0:00   0:00 
Matthew Tkachuk          1  2  3   0  15  8  4  1  0  0  0/0    19:58   7:45   0:00 
Ryan McDonagh            0  0  0  -3  0   2  0  0  0  0  0/0    24:02   6:03   7:00 
Ryan McLeod              0  0  0  -2  0   0  0  0  0  0  1/1     5:14   0:00   0:00 
Steven Stamkos           1  2  3   0  0   7  1  0  0  0  17/30  20:18   7:45   0:00 
Vincent Trocheck         0  0  0  -1  0   4  3  0  0  0  21/46  21:33   6:03   7:41 
Yegor Sharangovich       0  0  0   1  0   0  1  0  0  0  0/0     8:58   0:34   0:00 

3 Stars

1 - Colton Sissons (VGK)
2 - Steven Stamkos (FLO)
3 - Filip Chytil (VGK)

Power Play

VEGAS Golden Knights - 1 on 5 Attempt(s) - 20,00%
FLORIDA Panthers - 2 on 8 Attempt(s) - 25,00%

Penalty Kill

VEGAS Golden Knights - 6 on 8 Attempt(s) - 75,00% - Score 0 goal in Penalty Kill
FLORIDA Panthers - 4 on 5 Attempt(s) - 80,00% - Score 0 goal in Penalty Kill

Team Stat

VEGAS Golden Knights - Hits : 22 - Faceoff Wins : 52 - Blocked Shots : 18 - Penalty Minutes : 16
FLORIDA Panthers - Hits : 18 - Faceoff Wins : 51 - Blocked Shots : 7 - Penalty Minutes : 23

Official

Referees : Edward Grudzinski and Brandon Blandina
Linesman : Justin Johnson and James Tobias

Game Notes

Cayden Primeau enters game at 16:31 of 2nd period
Matthew Tkachuk (FLO) for Spearing (Major / Game Misconduct) at 14:41
Matthew Tkachuk ejected from game at 14:41 of 3rd period

Finance

Level 1 -- Attendance: 4951 (77,97%) -- Ticket Income $495,100
Level 2 -- Attendance: 4874 (93,73%) -- Ticket Income $277,818
Level 3 -- Attendance: 2576 (85,87%) -- Ticket Income $82,432
Level 4 -- Attendance: 4599 (99,98%) -- Ticket Income $91,980
Luxury Box -- Attendance: 1025 (100,00%) -- Ticket Income $199,875
Game was played at the BB-T Center.
Total Attendance: 18025 (89,34%)
Total Ticket Income: $1,147,205
Other Income: $286,801
Total Income: $1,434,006

VEGAS Golden Knights

5 vs 5 Forward 
   Center                   Left Wing                Right Wing               Time % Phy DF OF 
 1 Sebastian Aho            Jared McCann             Tomas Tatar              36     1   2  2  
 2 Mikael Granlund          Andrei Svechnikov        Alex Killorn             30     1   2  2  
 3 Colton Sissons           Filip Chytil             Evgenii Dadonov          25     1   2  2  
 4 Noel Acciari             Phil Di Giuseppe         Devin Shore              9      1   2  2  

5 vs 5 Defense 
   Defense                  Defense                                           Time % Phy DF OF 
 1 Adam Larsson             Olli Maatta                                       40     1   2  2  
 2 Noah Hanifin             Tony DeAngelo                                     33     1   2  2  
 3 Brenden Dillon           Jordan Oesterle                                   22     1   2  2  
 4 Adam Larsson             Noah Hanifin                                      5      1   2  2  

PowerPlay Forward 
   Center                   Left Wing                Right Wing               Time % Phy DF OF 
 1 Sebastian Aho            Jared McCann             Alex Killorn             65     0   1  4  
 2 Colton Sissons           Filip Chytil             Tomas Tatar              35     0   2  3  

PowerPlay Defense
   Defense                  Defense                                           Time % Phy DF OF 
 1 Andrei Svechnikov        Noah Hanifin                                      65     0   1  4  
 2 Mikael Granlund          Tony DeAngelo                                     35     0   2  3  

Penalty Kill 4 Players Forward 
   Center                   Wing                     Time % Phy DF OF 
 1 Colton Sissons           Sebastian Aho            60     1   3  1  
 2 Noel Acciari             Alex Killorn             40     1   3  1  

Penalty Kill 4 Players Defense
   Defense                  Defense                  Time % Phy DF OF 
 1 Adam Larsson             Brenden Dillon           60     1   3  1  
 2 Noah Hanifin             Olli Maatta              40     1   3  1  

Penalty Kill - 3 Players Forward 
   Forward                                           Time % Phy DF OF 
 1 Colton Sissons                                    60     0   5  0  
 2 Sebastian Aho                                     40     0   5  0  

Penalty Kill - 3 Players Defense
   Defense                  Defense                  Time % Phy DF OF 
 1 Adam Larsson             Noah Hanifin             60     0   5  0  
 2 Brenden Dillon           Olli Maatta              40     0   5  0  

4 vs 4 Forward 
   Center                   Wing                     Time % Phy DF OF 
 1 Sebastian Aho            Alex Killorn             60     1   2  2  
 2 Mikael Granlund          Jared McCann             40     1   2  2  

4 vs 4 Defense
   Defense                  Defense                  Time % Phy DF OF 
 1 Adam Larsson             Tony DeAngelo            60     1   2  2  
 2 Noah Hanifin             Brenden Dillon           40     1   2  2  

Last Minutes Offensive
   Center                   Left Wing                Right Wing               Defense                  Defense                  
   Sebastian Aho            Jared McCann             Alex Killorn             Tony DeAngelo            Noah Hanifin             

Last Minutes Defensive
   Center                   Left Wing                Right Wing               Defense                  Defense                  
   Sebastian Aho            Colton Sissons           Alex Killorn             Adam Larsson             Noah Hanifin             

Goaltenders
Starting : Anton Forsberg           
Backup : Pyotr Kochetkov          

Extra Forwards
Normal : Jared McCann, Sebastian Aho, Alex Killorn - PP : Sebastian Aho, Mikael Granlund - PK : Colton Sissons
Extra Defensemen
Normal : Adam Larsson, Noah Hanifin, Brenden Dillon - PP : Tony DeAngelo - PK : Adam Larsson, Noah Hanifin
Penalty Shots
Sebastian Aho, Jared McCann, Andrei Svechnikov, Alex Killorn, Tomas Tatar

Scratches
Mike Reilly (Healthy)

FLORIDA Panthers

5 vs 5 Forward 
   Center                   Left Wing                Right Wing               Time % Phy DF OF 
 1 Steven Stamkos           Brock Nelson             Matthew Tkachuk          40     1   1  3  
 2 Vincent Trocheck         Carter Verhaeghe         Brandon Saad             30     1   2  2  
 3 Adam Henrique            Eetu Luostarinen         Yegor Sharangovich       20     1   2  2  
 4 Derek Grant              Ryan McLeod              Jordan Martinook         10     1   2  2  

5 vs 5 Defense 
   Defense                  Defense                                           Time % Phy DF OF 
 1 Josh Morrissey           Brady Skjei                                       40     1   2  2  
 2 Dougie Hamilton          Ryan McDonagh                                     30     1   2  2  
 3 Connor Murphy            Matt Irwin                                        20     1   2  2  
 4 Josh Morrissey           Ryan McDonagh                                     10     1   2  2  

PowerPlay Forward 
   Center                   Left Wing                Right Wing               Time % Phy DF OF 
 1 Steven Stamkos           Carter Verhaeghe         Matthew Tkachuk          60     1   1  3  
 2 Vincent Trocheck         Brock Nelson             Brandon Saad             40     1   1  3  

PowerPlay Defense
   Defense                  Defense                                           Time % Phy DF OF 
 1 Josh Morrissey           Dougie Hamilton                                   60     1   1  3  
 2 Brady Skjei              Ryan McDonagh                                     40     1   1  3  

Penalty Kill 4 Players Forward 
   Center                   Wing                     Time % Phy DF OF 
 1 Vincent Trocheck         Brock Nelson             60     1   3  1  
 2 Adam Henrique            Eetu Luostarinen         40     1   4  0  

Penalty Kill 4 Players Defense
   Defense                  Defense                  Time % Phy DF OF 
 1 Ryan McDonagh            Brady Skjei              60     1   3  1  
 2 Connor Murphy            Josh Morrissey           40     1   3  1  

Penalty Kill - 3 Players Forward 
   Forward                                           Time % Phy DF OF 
 1 Eetu Luostarinen                                  60     0   5  0  
 2 Vincent Trocheck                                  40     0   5  0  

Penalty Kill - 3 Players Defense
   Defense                  Defense                  Time % Phy DF OF 
 1 Connor Murphy            Ryan McDonagh            60     1   4  0  
 2 Brady Skjei              Josh Morrissey           40     1   4  0  

4 vs 4 Forward 
   Center                   Wing                     Time % Phy DF OF 
 1 Steven Stamkos           Matthew Tkachuk          60     1   2  2  
 2 Vincent Trocheck         Brock Nelson             40     1   2  2  

4 vs 4 Defense
   Defense                  Defense                  Time % Phy DF OF 
 1 Josh Morrissey           Ryan McDonagh            60     1   2  2  
 2 Brady Skjei              Dougie Hamilton          40     1   2  2  

Last Minutes Offensive
   Center                   Left Wing                Right Wing               Defense                  Defense                  
   Steven Stamkos           Carter Verhaeghe         Matthew Tkachuk          Josh Morrissey           Dougie Hamilton          

Last Minutes Defensive
   Center                   Left Wing                Right Wing               Defense                  Defense                  
   Vincent Trocheck         Brock Nelson             Brandon Saad             Ryan McDonagh            Brady Skjei              

Goaltenders
Starting : Darcy Kuemper            
Backup : Cayden Primeau           

Extra Forwards
Normal : Matthew Tkachuk, Steven Stamkos, Eetu Luostarinen - PP : Yegor Sharangovich, Adam Henrique - PK : Eetu Luostarinen
Extra Defensemen
Normal : Connor Murphy, Dougie Hamilton, Brady Skjei - PP : Dougie Hamilton - PK : Ryan McDonagh, Brady Skjei
Penalty Shots
Steven Stamkos, Matthew Tkachuk, Brock Nelson, Vincent Trocheck, Carter Verhaeghe

Scratches
None


% Time on Ice - VEGAS Golden Knights

Lines # - Real PCT - Wanted PCT - Time Play
Normal Forward
1 - 38% - 36% - 12:40
2 - 27% - 30% - 9:08
3 - 22% - 25% - 7:20
4 - 14% - 9% - 4:33
Normal Defense
1 - 46% - 40% - 15:29
2 - 35% - 33% - 11:38
3 - 19% - 22% - 6:34
4 - 0% - 5% - 0:00
PP Forward
1 - 54% - 65% - 6:34
2 - 46% - 35% - 5:38
PP Defense
1 - 55% - 65% - 6:45
2 - 45% - 35% - 5:27
PK Forward
1 - 71% - 60% - 9:45
2 - 29% - 40% - 4:03
PK Defense
1 - 65% - 60% - 9:02
2 - 35% - 40% - 4:46
PK3 Forward
1 - 0% - 60%
2 - 0% - 40%
PK3 Defense
1 - 0% - 60%
2 - 0% - 40%
44 Forward
1 - 0% - 60%
2 - 0% - 40%
44 Defense
1 - 0% - 60%
2 - 0% - 40%
Last Minute Offensive  - 0:00
Last Minute Defensive  - 0:19
Total
Forward - 60:00
Defense - 60:00

% Time on Ice - FLORIDA Panthers

Lines # - Real PCT - Wanted PCT - Time Play
Normal Forward
1 - 36% - 40% - 12:14
2 - 23% - 30% - 7:49
3 - 25% - 20% - 8:24
4 - 16% - 10% - 5:14
Normal Defense
1 - 41% - 40% - 13:47
2 - 32% - 30% - 10:50
3 - 26% - 20% - 8:55
4 - 0% - 10% - 0:09
PP Forward
1 - 56% - 60% - 7:45
2 - 44% - 40% - 6:03
PP Defense
1 - 56% - 60% - 7:45
2 - 44% - 40% - 6:03
PK Forward
1 - 68% - 60% - 8:18
2 - 32% - 40% - 3:54
PK Defense
1 - 55% - 60% - 6:40
2 - 45% - 40% - 5:32
PK3 Forward
1 - 0% - 60%
2 - 0% - 40%
PK3 Defense
1 - 0% - 60%
2 - 0% - 40%
44 Forward
1 - 0% - 60%
2 - 0% - 40%
44 Defense
1 - 0% - 60%
2 - 0% - 40%
Last Minute Offensive  - 0:19
Last Minute Defensive  - 0:00
Total
Forward - 60:00
Defense - 60:00

Play-by-Play

1st period


0:01 of 1st period - Steven Stamkos wins face-off versus Sebastian Aho in neutral zone.
0:14 of 1st period - Josh Morrissey is hit by Jared McCann and loses puck.
0:27 of 1st period - Shot by Matthew Tkachuk.
0:27 of 1st period - Deflect By Brock Nelson.
0:27 of 1st period - Stopped by Anton Forsberg with a rebound.
0:35 of 1st period - Shot by Matthew Tkachuk.
0:35 of 1st period - Stopped by Anton Forsberg with a rebound.
0:37 of 1st period - Shot by Josh Morrissey.
0:37 of 1st period - Shot Misses the Net.
2:53 of 1st period - Olli Maatta is hit by Derek Grant and loses puck.
3:09 of 1st period - Icing by Adam Larsson.
3:10 of 1st period - Steven Stamkos wins face-off versus Phil Di Giuseppe in VEGAS Golden Knights zone.
3:19 of 1st period - Shot by Noel Acciari.
3:19 of 1st period - Shot Misses the Net.
3:58 of 1st period - Off-side.
3:59 of 1st period - Vincent Trocheck wins face-off versus Mikael Granlund in neutral zone.
4:02 of 1st period - Shot by Brady Skjei.
4:02 of 1st period - Shot Misses the Net.
4:38 of 1st period - Shot by Alex Killorn.
4:38 of 1st period - Shot Misses the Net.
4:40 of 1st period - Shot by Jordan Oesterle.
4:40 of 1st period - Shot Misses the Net.
4:55 of 1st period - Icing by Brenden Dillon.
4:56 of 1st period - Adam Henrique wins face-off versus Mikael Granlund in VEGAS Golden Knights zone.
4:57 of 1st period - Shot by Yegor Sharangovich.
4:57 of 1st period - Shot Misses the Net.
5:15 of 1st period - Shot by Eetu Luostarinen.
5:15 of 1st period - Goal by Eetu Luostarinen - VEGAS Golden Knights : 0 - FLORIDA Panthers : 1.
5:16 of 1st period - Sebastian Aho wins face-off versus Steven Stamkos in neutral zone.
5:44 of 1st period - Shot by Tomas Tatar.
5:44 of 1st period - Stopped by Darcy Kuemper without a rebound.
5:45 of 1st period - Ryan McLeod wins face-off versus Evgenii Dadonov in FLORIDA Panthers zone.
5:45 of 1st period - Ryan McLeod is hit by Evgenii Dadonov.
5:53 of 1st period - Shot by Evgenii Dadonov.
5:53 of 1st period - Shot Misses the Net.
5:54 of 1st period - Minor Penalty to Brady Skjei for Boarding.
5:55 of 1st period - Colton Sissons wins face-off versus Vincent Trocheck in FLORIDA Panthers zone.
6:57 of 1st period - Shot by Tony DeAngelo.
6:57 of 1st period - Stopped by Darcy Kuemper without a rebound.
6:58 of 1st period - Adam Henrique wins face-off versus Sebastian Aho in FLORIDA Panthers zone.
7:04 of 1st period - Icing by Mikael Granlund.
7:05 of 1st period - Sebastian Aho wins face-off versus Vincent Trocheck in VEGAS Golden Knights zone.
7:40 of 1st period - Shot by Jared McCann.
7:40 of 1st period - Stopped by Darcy Kuemper without a rebound.
7:41 of 1st period - Colton Sissons wins face-off versus Vincent Trocheck in FLORIDA Panthers zone.
7:46 of 1st period - Shot by Noah Hanifin.
7:46 of 1st period - Shot Misses the Net.
7:48 of 1st period - Shot by Colton Sissons.
7:48 of 1st period - Stopped by Darcy Kuemper without a rebound.
7:49 of 1st period - Colton Sissons wins face-off versus Brock Nelson in FLORIDA Panthers zone.
8:10 of 1st period - Shot by Josh Morrissey.
8:10 of 1st period - Shot Misses the Net.
9:22 of 1st period - Shot by Jared McCann.
9:22 of 1st period - Stopped by Darcy Kuemper without a rebound.
9:23 of 1st period - Colton Sissons wins face-off versus Vincent Trocheck in FLORIDA Panthers zone.
9:29 of 1st period - Evgenii Dadonov is hit by Dougie Hamilton and loses puck.
9:33 of 1st period - Minor Penalty to Dougie Hamilton for Roughing.
9:34 of 1st period - Sebastian Aho wins face-off versus Vincent Trocheck in FLORIDA Panthers zone.
10:45 of 1st period - Shot by Tony DeAngelo.
10:45 of 1st period - Shot Misses the Net.
10:47 of 1st period - Shot by Tony DeAngelo.
10:47 of 1st period - Stopped by Darcy Kuemper with a rebound.
10:49 of 1st period - Shot by Filip Chytil.
10:49 of 1st period - Goal by Filip Chytil - VEGAS Golden Knights : 1 - FLORIDA Panthers : 1.
10:50 of 1st period - Noel Acciari wins face-off versus Derek Grant in neutral zone.
11:31 of 1st period - Double Minor Penalty to Adam Larsson for Slashing.
11:32 of 1st period - Colton Sissons wins face-off versus Steven Stamkos in VEGAS Golden Knights zone.
11:40 of 1st period - Carter Verhaeghe is hit by Colton Sissons.
11:57 of 1st period - Shot by Josh Morrissey.
11:57 of 1st period - Stopped by Anton Forsberg without a rebound.
11:58 of 1st period - Vincent Trocheck wins face-off versus Colton Sissons in VEGAS Golden Knights zone.
11:58 of 1st period - Vincent Trocheck is hit by Brenden Dillon.
12:02 of 1st period - Shot by Vincent Trocheck.
12:02 of 1st period - Shot Misses the Net.
12:04 of 1st period - Shot by Vincent Trocheck.
12:04 of 1st period - Stopped by Anton Forsberg without a rebound.
12:05 of 1st period - Colton Sissons wins face-off versus Vincent Trocheck in VEGAS Golden Knights zone.
12:42 of 1st period - Shot by Brady Skjei.
12:42 of 1st period - Shot Misses the Net.
12:44 of 1st period - Shot by Brock Nelson.
12:44 of 1st period - Deflect By Vincent Trocheck.
12:44 of 1st period - Shot Misses the Net.
13:36 of 1st period - Shot by Steven Stamkos.
13:36 of 1st period - Stopped by Anton Forsberg with a rebound.
13:38 of 1st period - Shot by Dougie Hamilton.
13:38 of 1st period - Shot Misses the Net.
13:40 of 1st period - Shot by Carter Verhaeghe.
13:40 of 1st period - Stopped by Anton Forsberg without a rebound.
13:41 of 1st period - Vincent Trocheck wins face-off versus Colton Sissons in VEGAS Golden Knights zone.
13:46 of 1st period - Shot by Josh Morrissey.
13:46 of 1st period - Stopped by Anton Forsberg without a rebound.
13:47 of 1st period - Steven Stamkos wins face-off versus Noel Acciari in VEGAS Golden Knights zone.
13:56 of 1st period - Shot by Carter Verhaeghe.
13:56 of 1st period - Shot Misses the Net.
14:02 of 1st period - Shot by Steven Stamkos.
14:02 of 1st period - Shot Blocked by Noah Hanifin.
14:04 of 1st period - Shot by Matthew Tkachuk.
14:04 of 1st period - Stopped by Anton Forsberg without a rebound.
14:05 of 1st period - Vincent Trocheck wins face-off versus Colton Sissons in VEGAS Golden Knights zone.
14:22 of 1st period - Shot by Josh Morrissey.
14:22 of 1st period - Stopped by Anton Forsberg without a rebound.
14:23 of 1st period - Steven Stamkos wins face-off versus Colton Sissons in VEGAS Golden Knights zone.
14:32 of 1st period - Shot by Brady Skjei.
14:32 of 1st period - Shot Blocked by Brenden Dillon.
14:34 of 1st period - Shot by Ryan McDonagh.
14:34 of 1st period - Stopped by Anton Forsberg without a rebound.
14:35 of 1st period - Vincent Trocheck wins face-off versus Noel Acciari in VEGAS Golden Knights zone.
14:42 of 1st period - Shot by Josh Morrissey.
14:42 of 1st period - Stopped by Anton Forsberg without a rebound.
14:43 of 1st period - Colton Sissons wins face-off versus Steven Stamkos in VEGAS Golden Knights zone.
14:52 of 1st period - Shot by Josh Morrissey.
14:52 of 1st period - Shot Misses the Net.
14:56 of 1st period - Shot by Matthew Tkachuk.
14:56 of 1st period - Shot Hit the Post.
14:58 of 1st period - Shot by Josh Morrissey.
14:58 of 1st period - Goal by Josh Morrissey - VEGAS Golden Knights : 1 - FLORIDA Panthers : 2.
14:59 of 1st period - Mikael Granlund wins face-off versus Eetu Luostarinen in neutral zone.
15:33 of 1st period - Eetu Luostarinen is hit by Adam Larsson and loses puck.
15:38 of 1st period - Shot by Eetu Luostarinen.
15:38 of 1st period - Stopped by Anton Forsberg without a rebound.
15:39 of 1st period - Sebastian Aho wins face-off versus Steven Stamkos in VEGAS Golden Knights zone.
15:39 of 1st period - Noah Hanifin is hit by Matthew Tkachuk and loses puck.
15:50 of 1st period - Steven Stamkos is hit by Tomas Tatar and loses puck.
16:03 of 1st period - Shot by Matthew Tkachuk.
16:03 of 1st period - Stopped by Anton Forsberg with a rebound.
16:05 of 1st period - Shot by Matthew Tkachuk.
16:05 of 1st period - Shot Blocked by Tony DeAngelo.
16:46 of 1st period - Filip Chytil is hit by Matthew Tkachuk and loses puck.
16:51 of 1st period - Shot by Colton Sissons.
16:51 of 1st period - Shot Blocked by Brady Skjei.
16:53 of 1st period - Shot by Colton Sissons.
16:53 of 1st period - Goal by Colton Sissons - VEGAS Golden Knights : 2 - FLORIDA Panthers : 2.
16:54 of 1st period - Mikael Granlund wins face-off versus Vincent Trocheck in neutral zone.
17:18 of 1st period - Shot by Andrei Svechnikov.
17:18 of 1st period - Stopped by Darcy Kuemper without a rebound.
17:18 of 1st period - Minor Penalty to Dougie Hamilton for Cross-checking.
17:19 of 1st period - Colton Sissons wins face-off versus Brock Nelson in FLORIDA Panthers zone.
18:31 of 1st period - Shot by Alex Killorn.
18:31 of 1st period - Shot Blocked by Josh Morrissey.
18:33 of 1st period - Shot by Mikael Granlund.
18:33 of 1st period - Stopped by Darcy Kuemper without a rebound.
18:34 of 1st period - Adam Henrique wins face-off versus Sebastian Aho in FLORIDA Panthers zone.
19:02 of 1st period - Icing by Mikael Granlund.
19:03 of 1st period - Sebastian Aho wins face-off versus Vincent Trocheck in VEGAS Golden Knights zone.
19:12 of 1st period - Shot by Tony DeAngelo.
19:12 of 1st period - Shot Misses the Net.
19:39 of 1st period - Adam Larsson is hit by Derek Grant and loses puck.
Goals for this period are 2 for VEGAS Golden Knights vs 2 for FLORIDA Panthers.
Shots for this period are 10 for VEGAS Golden Knights vs 15 for FLORIDA Panthers.

2nd period


0:01 of 2nd period - Sebastian Aho wins face-off versus Steven Stamkos in neutral zone.
0:06 of 2nd period - Shot by Tomas Tatar.
0:06 of 2nd period - Shot Blocked by Josh Morrissey.
0:09 of 2nd period - Icing by Josh Morrissey.
0:10 of 2nd period - Mikael Granlund wins face-off versus Brock Nelson in FLORIDA Panthers zone.
0:25 of 2nd period - Shot by Alex Killorn.
0:25 of 2nd period - Shot Misses the Net.
0:27 of 2nd period - Shot by Andrei Svechnikov.
0:27 of 2nd period - Shot Blocked by Brady Skjei.
0:29 of 2nd period - Shot by Alex Killorn.
0:29 of 2nd period - Stopped by Darcy Kuemper without a rebound.
0:30 of 2nd period - Sebastian Aho wins face-off versus Vincent Trocheck in FLORIDA Panthers zone.
0:53 of 2nd period - Shot by Jared McCann.
0:53 of 2nd period - Goal by Jared McCann - VEGAS Golden Knights : 3 - FLORIDA Panthers : 2.
0:54 of 2nd period - Steven Stamkos wins face-off versus Colton Sissons in neutral zone.
2:09 of 2nd period - Shot by Jared McCann.
2:09 of 2nd period - Stopped by Darcy Kuemper with a rebound.
2:11 of 2nd period - Shot by Jared McCann.
2:11 of 2nd period - Stopped by Darcy Kuemper with a rebound.
2:13 of 2nd period - Shot by Adam Larsson.
2:13 of 2nd period - Deflect By Sebastian Aho.
2:13 of 2nd period - Shot Blocked by Matthew Tkachuk.
2:15 of 2nd period - Shot by Sebastian Aho.
2:15 of 2nd period - Stopped by Darcy Kuemper without a rebound.
2:16 of 2nd period - Vincent Trocheck wins face-off versus Mikael Granlund in FLORIDA Panthers zone.
2:26 of 2nd period - Alex Killorn is hit by Vincent Trocheck and loses puck.
2:33 of 2nd period - Shot by Brandon Saad.
2:33 of 2nd period - Stopped by Anton Forsberg without a rebound.
2:34 of 2nd period - Adam Henrique wins face-off versus Noel Acciari in VEGAS Golden Knights zone.
3:02 of 2nd period - Minor Penalty to Noah Hanifin for Slashing.
3:03 of 2nd period - Vincent Trocheck wins face-off versus Sebastian Aho in VEGAS Golden Knights zone.
3:08 of 2nd period - Shot by Josh Morrissey.
3:08 of 2nd period - Stopped by Anton Forsberg with a rebound.
4:17 of 2nd period - Shot by Carter Verhaeghe.
4:17 of 2nd period - Shot Misses the Net.
4:19 of 2nd period - Shot by Ryan McDonagh.
4:19 of 2nd period - Stopped by Anton Forsberg without a rebound.
4:20 of 2nd period - Vincent Trocheck wins face-off versus Noel Acciari in VEGAS Golden Knights zone.
4:20 of 2nd period - Dougie Hamilton is hit by Brenden Dillon and loses puck.
4:26 of 2nd period - Brandon Saad is hit by Brenden Dillon and loses puck.
5:05 of 2nd period - Shot by Derek Grant.
5:05 of 2nd period - Stopped by Anton Forsberg with a rebound.
6:06 of 2nd period - Icing by Tony DeAngelo.
6:07 of 2nd period - Adam Henrique wins face-off versus Mikael Granlund in VEGAS Golden Knights zone.
6:14 of 2nd period - Shot by Eetu Luostarinen.
6:14 of 2nd period - Shot Blocked by Noah Hanifin.
6:18 of 2nd period - Shot by Eetu Luostarinen.
6:18 of 2nd period - Shot Blocked by Noah Hanifin.
6:20 of 2nd period - Shot by Brady Skjei.
6:20 of 2nd period - Stopped by Anton Forsberg without a rebound.
6:21 of 2nd period - Sebastian Aho wins face-off versus Vincent Trocheck in VEGAS Golden Knights zone.
6:39 of 2nd period - Minor Penalty to Olli Maatta for Tripping.
6:40 of 2nd period - Steven Stamkos wins face-off versus Colton Sissons in VEGAS Golden Knights zone.
7:05 of 2nd period - Shot by Steven Stamkos.
7:05 of 2nd period - Goal by Steven Stamkos - VEGAS Golden Knights : 3 - FLORIDA Panthers : 3.
7:06 of 2nd period - Noel Acciari wins face-off versus Adam Henrique in neutral zone.
7:48 of 2nd period - Off-side.
7:49 of 2nd period - Sebastian Aho wins face-off versus Steven Stamkos in neutral zone.
7:56 of 2nd period - Shot by Jared McCann.
7:56 of 2nd period - Deflect By Tomas Tatar.
7:56 of 2nd period - Shot Misses the Net.
8:04 of 2nd period - Shot by Sebastian Aho.
8:04 of 2nd period - Deflect By Tomas Tatar.
8:04 of 2nd period - Shot Misses the Net.
8:14 of 2nd period - Shot by Sebastian Aho.
8:14 of 2nd period - Shot Blocked by Josh Morrissey.
8:16 of 2nd period - Shot by Olli Maatta.
8:16 of 2nd period - Stopped by Darcy Kuemper without a rebound.
8:17 of 2nd period - Vincent Trocheck wins face-off versus Colton Sissons in FLORIDA Panthers zone.
8:17 of 2nd period - Vincent Trocheck is hit by Filip Chytil.
8:23 of 2nd period - Shot by Dougie Hamilton.
8:23 of 2nd period - Shot Blocked by Noah Hanifin.
9:47 of 2nd period - Adam Larsson is hit by Matthew Tkachuk and loses puck.
9:57 of 2nd period - Steven Stamkos is hit by Adam Larsson and loses puck.
10:25 of 2nd period - Yegor Sharangovich is hit by Olli Maatta and loses puck.
11:06 of 2nd period - Shot by Alex Killorn.
11:06 of 2nd period - Goal by Alex Killorn - VEGAS Golden Knights : 4 - FLORIDA Panthers : 3.
11:07 of 2nd period - Vincent Trocheck wins face-off versus Mikael Granlund in neutral zone.
11:07 of 2nd period - Minor Penalty to Andrei Svechnikov for High sticking.
11:08 of 2nd period - Steven Stamkos wins face-off versus Noel Acciari in VEGAS Golden Knights zone.
11:21 of 2nd period - Shot by Matthew Tkachuk.
11:21 of 2nd period - Shot Misses the Net.
11:30 of 2nd period - Shot by Josh Morrissey.
11:30 of 2nd period - Shot Blocked by Brenden Dillon.
11:32 of 2nd period - Shot by Matthew Tkachuk.
11:32 of 2nd period - Shot Misses the Net.
11:38 of 2nd period - Shot by Josh Morrissey.
11:38 of 2nd period - Shot Blocked by Noah Hanifin.
11:40 of 2nd period - Shot by Dougie Hamilton.
11:40 of 2nd period - Stopped by Anton Forsberg without a rebound.
11:41 of 2nd period - Colton Sissons wins face-off versus Vincent Trocheck in VEGAS Golden Knights zone.
11:50 of 2nd period - Shot by Brady Skjei.
11:50 of 2nd period - Shot Blocked by Brenden Dillon.
12:00 of 2nd period - Colton Sissons is hit by Vincent Trocheck and loses puck.
12:45 of 2nd period - Shot by Matthew Tkachuk.
12:45 of 2nd period - Stopped by Anton Forsberg without a rebound.
12:46 of 2nd period - Steven Stamkos wins face-off versus Colton Sissons in VEGAS Golden Knights zone.
12:59 of 2nd period - Shot by Matthew Tkachuk.
12:59 of 2nd period - Stopped by Anton Forsberg with a rebound.
13:01 of 2nd period - Shot by Josh Morrissey.
13:01 of 2nd period - Shot Misses the Net.
13:03 of 2nd period - Shot by Josh Morrissey.
13:03 of 2nd period - Shot Misses the Net.
14:08 of 2nd period - Shot by Derek Grant.
14:08 of 2nd period - Shot Blocked by Alex Killorn.
14:10 of 2nd period - Shot by Ryan McLeod.
14:10 of 2nd period - Shot Misses the Net.
14:12 of 2nd period - Shot by Ryan McLeod.
14:12 of 2nd period - Shot Blocked by Brenden Dillon.
14:19 of 2nd period - Andrei Svechnikov is hit by Brady Skjei and loses puck.
14:23 of 2nd period - Minor Penalty to Josh Morrissey for Hooking.
14:24 of 2nd period - Vincent Trocheck wins face-off versus Colton Sissons in FLORIDA Panthers zone.
14:24 of 2nd period - Vincent Trocheck is hit by Filip Chytil.
14:36 of 2nd period - Shot by Tony DeAngelo.
14:36 of 2nd period - Shot Misses the Net.
14:38 of 2nd period - Shot by Noah Hanifin.
14:38 of 2nd period - Shot Misses the Net.
14:48 of 2nd period - Shot by Tony DeAngelo.
14:48 of 2nd period - Stopped by Darcy Kuemper with a rebound.
14:50 of 2nd period - Shot by Noah Hanifin.
14:50 of 2nd period - Stopped by Darcy Kuemper without a rebound.
14:51 of 2nd period - Sebastian Aho wins face-off versus Vincent Trocheck in FLORIDA Panthers zone.
15:08 of 2nd period - Shot by Sebastian Aho.
15:08 of 2nd period - Stopped by Darcy Kuemper without a rebound.
15:09 of 2nd period - Colton Sissons wins face-off versus Brock Nelson in FLORIDA Panthers zone.
16:02 of 2nd period - Connor Murphy is hit by Alex Killorn and loses puck.
16:07 of 2nd period - Shot by Tony DeAngelo.
16:07 of 2nd period - Shot Misses the Net.
16:09 of 2nd period - Shot by Sebastian Aho.
16:09 of 2nd period - Shot Misses the Net.
16:11 of 2nd period - Shot by Mikael Granlund.
16:11 of 2nd period - Stopped by Darcy Kuemper without a rebound.
16:12 of 2nd period - Sebastian Aho wins face-off versus Vincent Trocheck in FLORIDA Panthers zone.
16:31 of 2nd period - Shot by Noel Acciari.
16:31 of 2nd period - Goal by Noel Acciari - VEGAS Golden Knights : 5 - FLORIDA Panthers : 3.
16:31 of 2nd period - Cayden Primeau enters game.
16:32 of 2nd period - Adam Henrique wins face-off versus Noel Acciari in neutral zone.
16:34 of 2nd period - Josh Morrissey is hit by Adam Larsson and loses puck.
16:41 of 2nd period - Shot by Eetu Luostarinen.
16:41 of 2nd period - Stopped by Anton Forsberg without a rebound.
16:42 of 2nd period - Sebastian Aho wins face-off versus Derek Grant in VEGAS Golden Knights zone.
17:16 of 2nd period - Shot by Sebastian Aho.
17:16 of 2nd period - Shot Misses the Net.
17:43 of 2nd period - Icing by Ryan McDonagh.
17:44 of 2nd period - Colton Sissons wins face-off versus Derek Grant in FLORIDA Panthers zone.
17:48 of 2nd period - Icing by Jordan Martinook.
17:49 of 2nd period - Derek Grant wins face-off versus Colton Sissons in FLORIDA Panthers zone.
17:49 of 2nd period - Ryan McDonagh is hit by Filip Chytil.
18:05 of 2nd period - Shot by Matthew Tkachuk.
18:05 of 2nd period - Shot Misses the Net.
18:07 of 2nd period - Shot by Matthew Tkachuk.
18:07 of 2nd period - Shot Misses the Net.
18:08 of 2nd period - Minor Penalty to Noah Hanifin for Roughing.
18:09 of 2nd period - Steven Stamkos wins face-off versus Colton Sissons in VEGAS Golden Knights zone.
18:26 of 2nd period - Shot by Matthew Tkachuk.
18:26 of 2nd period - Stopped by Anton Forsberg without a rebound.
18:27 of 2nd period - Vincent Trocheck wins face-off versus Colton Sissons in VEGAS Golden Knights zone.
18:32 of 2nd period - Shot by Brock Nelson.
18:32 of 2nd period - Shot Misses the Net.
18:51 of 2nd period - Off-side.
18:52 of 2nd period - Noel Acciari wins face-off versus Steven Stamkos in neutral zone.
19:01 of 2nd period - Shot by Steven Stamkos.
19:01 of 2nd period - Stopped by Anton Forsberg without a rebound.
19:02 of 2nd period - Steven Stamkos wins face-off versus Colton Sissons in VEGAS Golden Knights zone.
19:03 of 2nd period - Shot by Matthew Tkachuk.
19:03 of 2nd period - Shot Misses the Net.
19:15 of 2nd period - Alex Killorn is hit by Matthew Tkachuk and loses puck.
19:34 of 2nd period - Shot by Carter Verhaeghe.
19:34 of 2nd period - Shot Blocked by Sebastian Aho.
19:38 of 2nd period - Shot by Steven Stamkos.
19:38 of 2nd period - Stopped by Anton Forsberg without a rebound.
19:39 of 2nd period - Vincent Trocheck wins face-off versus Noel Acciari in VEGAS Golden Knights zone.
19:40 of 2nd period - Shot by Brady Skjei.
19:40 of 2nd period - Shot Blocked by Adam Larsson.
19:42 of 2nd period - Shot by Brady Skjei.
19:42 of 2nd period - Shot Misses the Net.
19:44 of 2nd period - Shot by Brandon Saad.
19:44 of 2nd period - Shot Misses the Net.
19:46 of 2nd period - Shot by Vincent Trocheck.
19:46 of 2nd period - Stopped by Anton Forsberg with a rebound.
19:48 of 2nd period - Shot by Brock Nelson.
19:48 of 2nd period - Deflect By Vincent Trocheck.
19:48 of 2nd period - Stopped by Anton Forsberg without a rebound.
19:49 of 2nd period - Brock Nelson wins face-off versus Colton Sissons in VEGAS Golden Knights zone.
19:50 of 2nd period - Shot by Brandon Saad.
19:50 of 2nd period - Stopped by Anton Forsberg without a rebound.
19:51 of 2nd period - Colton Sissons wins face-off versus Steven Stamkos in VEGAS Golden Knights zone.
Goals for this period are 3 for VEGAS Golden Knights vs 1 for FLORIDA Panthers.
Shots for this period are 12 for VEGAS Golden Knights vs 16 for FLORIDA Panthers.

3rd period


0:01 of 3rd period - Carter Verhaeghe wins face-off versus Colton Sissons in neutral zone.
0:08 of 3rd period - Shot by Steven Stamkos.
0:08 of 3rd period - Stopped by Anton Forsberg without a rebound.
0:09 of 3rd period - Sebastian Aho wins face-off versus Steven Stamkos in VEGAS Golden Knights zone.
1:37 of 3rd period - Icing by Tomas Tatar.
1:38 of 3rd period - Sebastian Aho wins face-off versus Adam Henrique in VEGAS Golden Knights zone.
1:43 of 3rd period - Jared McCann is hit by Yegor Sharangovich.
2:38 of 3rd period - Shot by Brock Nelson.
2:38 of 3rd period - Shot Blocked by Tony DeAngelo.
2:40 of 3rd period - Shot by Josh Morrissey.
2:40 of 3rd period - Shot Misses the Net.
3:23 of 3rd period - Off-side.
3:24 of 3rd period - Noel Acciari wins face-off versus Vincent Trocheck in neutral zone.
3:30 of 3rd period - Icing by Brandon Saad.
3:31 of 3rd period - Noel Acciari wins face-off versus Vincent Trocheck in FLORIDA Panthers zone.
3:31 of 3rd period - Noel Acciari is hit by Dougie Hamilton.
3:35 of 3rd period - Shot by Phil Di Giuseppe.
3:35 of 3rd period - Stopped by Cayden Primeau without a rebound.
3:36 of 3rd period - Mikael Granlund wins face-off versus Vincent Trocheck in FLORIDA Panthers zone.
3:44 of 3rd period - Dougie Hamilton is hit by Adam Larsson and loses puck.
3:49 of 3rd period - Shot by Carter Verhaeghe.
3:49 of 3rd period - Shot Misses the Net.
3:54 of 3rd period - Carter Verhaeghe is hit by Adam Larsson.
3:55 of 3rd period - Minor Penalty to Adam Larsson for Holding.
3:56 of 3rd period - Colton Sissons wins face-off versus Steven Stamkos in VEGAS Golden Knights zone.
4:04 of 3rd period - Icing by Dougie Hamilton.
4:05 of 3rd period - Steven Stamkos wins face-off versus Colton Sissons in FLORIDA Panthers zone.
4:18 of 3rd period - Shot by Steven Stamkos.
4:18 of 3rd period - Stopped by Anton Forsberg with a rebound.
4:20 of 3rd period - Shot by Josh Morrissey.
4:20 of 3rd period - Stopped by Anton Forsberg without a rebound.
4:21 of 3rd period - Vincent Trocheck wins face-off versus Colton Sissons in VEGAS Golden Knights zone.
4:22 of 3rd period - Shot by Brady Skjei.
4:22 of 3rd period - Shot Misses the Net.
4:28 of 3rd period - Shot by Ryan McDonagh.
4:28 of 3rd period - Shot Blocked by Sebastian Aho.
4:30 of 3rd period - Shot by Brock Nelson.
4:30 of 3rd period - Stopped by Anton Forsberg without a rebound.
4:31 of 3rd period - Sebastian Aho wins face-off versus Steven Stamkos in VEGAS Golden Knights zone.
4:39 of 3rd period - Icing by Matthew Tkachuk.
4:40 of 3rd period - Steven Stamkos wins face-off versus Sebastian Aho in FLORIDA Panthers zone.
4:49 of 3rd period - Shot by Matthew Tkachuk.
4:49 of 3rd period - Stopped by Anton Forsberg without a rebound.
4:50 of 3rd period - Colton Sissons wins face-off versus Carter Verhaeghe in VEGAS Golden Knights zone.
5:27 of 3rd period - Shot by Steven Stamkos.
5:27 of 3rd period - Stopped by Anton Forsberg without a rebound.
5:28 of 3rd period - Noel Acciari wins face-off versus Vincent Trocheck in VEGAS Golden Knights zone.
5:59 of 3rd period - Shot by Eetu Luostarinen.
5:59 of 3rd period - Shot Misses the Net.
6:06 of 3rd period - Off-side.
6:07 of 3rd period - Derek Grant wins face-off versus Noel Acciari in neutral zone.
6:24 of 3rd period - Shot by Noel Acciari.
6:24 of 3rd period - Stopped by Cayden Primeau without a rebound.
6:25 of 3rd period - Steven Stamkos wins face-off versus Mikael Granlund in FLORIDA Panthers zone.
6:49 of 3rd period - Off-side.
6:50 of 3rd period - Vincent Trocheck wins face-off versus Sebastian Aho in neutral zone.
7:32 of 3rd period - Icing by Brandon Saad.
7:33 of 3rd period - Vincent Trocheck wins face-off versus Colton Sissons in FLORIDA Panthers zone.
7:33 of 3rd period - Vincent Trocheck is hit by Filip Chytil.
7:36 of 3rd period - Brady Skjei is hit by Colton Sissons.
7:52 of 3rd period - Icing by Adam Larsson.
7:53 of 3rd period - Colton Sissons wins face-off versus Brock Nelson in VEGAS Golden Knights zone.
9:27 of 3rd period - Shot by Adam Henrique.
9:27 of 3rd period - Stopped by Anton Forsberg without a rebound.
9:28 of 3rd period - Mikael Granlund wins face-off versus Vincent Trocheck in VEGAS Golden Knights zone.
9:37 of 3rd period - Shot by Andrei Svechnikov.
9:37 of 3rd period - Stopped by Cayden Primeau without a rebound.
9:38 of 3rd period - Vincent Trocheck wins face-off versus Colton Sissons in FLORIDA Panthers zone.
9:38 of 3rd period - Minor Penalty to Filip Chytil for Tripping.
9:39 of 3rd period - Steven Stamkos wins face-off versus Colton Sissons in VEGAS Golden Knights zone.
10:36 of 3rd period - Shot by Sebastian Aho.
10:36 of 3rd period - Stopped by Cayden Primeau without a rebound.
10:37 of 3rd period - Noel Acciari wins face-off versus Vincent Trocheck in FLORIDA Panthers zone.
11:03 of 3rd period - Icing by Brady Skjei.
11:04 of 3rd period - Vincent Trocheck wins face-off versus Colton Sissons in FLORIDA Panthers zone.
11:17 of 3rd period - Shot by Brady Skjei.
11:17 of 3rd period - Shot Blocked by Sebastian Aho.
11:31 of 3rd period - Shot by Brandon Saad.
11:31 of 3rd period - Stopped by Anton Forsberg without a rebound.
11:32 of 3rd period - Steven Stamkos wins face-off versus Noel Acciari in VEGAS Golden Knights zone.
11:33 of 3rd period - Shot by Dougie Hamilton.
11:33 of 3rd period - Stopped by Anton Forsberg without a rebound.
11:34 of 3rd period - Steven Stamkos wins face-off versus Alex Killorn in VEGAS Golden Knights zone.
11:35 of 3rd period - Shot by Josh Morrissey.
11:35 of 3rd period - Shot Blocked by Noah Hanifin.
11:37 of 3rd period - Shot by Dougie Hamilton.
11:37 of 3rd period - Shot Misses the Net.
11:39 of 3rd period - Shot by Eetu Luostarinen.
11:39 of 3rd period - Shot Blocked by Noah Hanifin.
11:56 of 3rd period - Icing by Noah Hanifin.
11:57 of 3rd period - Steven Stamkos wins face-off versus Mikael Granlund in VEGAS Golden Knights zone.
11:57 of 3rd period - Steven Stamkos is hit by Noah Hanifin.
11:59 of 3rd period - Shot by Matthew Tkachuk.
11:59 of 3rd period - Goal by Matthew Tkachuk - VEGAS Golden Knights : 5 - FLORIDA Panthers : 4.
12:00 of 3rd period - Colton Sissons wins face-off versus Steven Stamkos in neutral zone.
12:02 of 3rd period - Evgenii Dadonov is hit by Brady Skjei and loses puck.
12:11 of 3rd period - Evgenii Dadonov is hit by Josh Morrissey and loses puck.
12:33 of 3rd period - Shot by Filip Chytil.
12:33 of 3rd period - Shot Blocked by Josh Morrissey.
13:07 of 3rd period - Shot by Jared McCann.
13:07 of 3rd period - Shot Hit the Post.
13:16 of 3rd period - Icing by Dougie Hamilton.
13:17 of 3rd period - Vincent Trocheck wins face-off versus Mikael Granlund in FLORIDA Panthers zone.
13:52 of 3rd period - Shot by Vincent Trocheck.
13:52 of 3rd period - Stopped by Anton Forsberg without a rebound.
13:53 of 3rd period - Sebastian Aho wins face-off versus Adam Henrique in VEGAS Golden Knights zone.
14:01 of 3rd period - Off-side.
14:02 of 3rd period - Sebastian Aho wins face-off versus Steven Stamkos in neutral zone.
14:02 of 3rd period - Sebastian Aho is hit by Steven Stamkos.
14:26 of 3rd period - Tomas Tatar is hit by Josh Morrissey and loses puck.
14:35 of 3rd period - Sebastian Aho is hit by Brock Nelson and loses puck.
14:41 of 3rd period - Major / Game Misconduct Penalty to Matthew Tkachuk for Spearing.
14:41 of 3rd period - Matthew Tkachuk is ejected from game.
14:42 of 3rd period - Colton Sissons wins face-off versus Vincent Trocheck in FLORIDA Panthers zone.
14:43 of 3rd period - Shot by Andrei Svechnikov.
14:43 of 3rd period - Stopped by Cayden Primeau without a rebound.
14:44 of 3rd period - Colton Sissons wins face-off versus Vincent Trocheck in FLORIDA Panthers zone.
14:47 of 3rd period - Shot by Tomas Tatar.
14:47 of 3rd period - Stopped by Cayden Primeau without a rebound.
14:48 of 3rd period - Sebastian Aho wins face-off versus Vincent Trocheck in FLORIDA Panthers zone.
15:13 of 3rd period - Brady Skjei is hit by Alex Killorn and loses puck.
15:24 of 3rd period - Shot by Alex Killorn.
15:24 of 3rd period - Deflect By Sebastian Aho.
15:24 of 3rd period - Shot Misses the Net.
15:28 of 3rd period - Shot by Jared McCann.
15:28 of 3rd period - Shot Hit the Post.
15:55 of 3rd period - Shot by Tony DeAngelo.
15:55 of 3rd period - Stopped by Cayden Primeau without a rebound.
15:56 of 3rd period - Vincent Trocheck wins face-off versus Colton Sissons in FLORIDA Panthers zone.
16:04 of 3rd period - Icing by Tomas Tatar.
16:05 of 3rd period - Vincent Trocheck wins face-off versus Colton Sissons in VEGAS Golden Knights zone.
16:08 of 3rd period - Shot by Brock Nelson.
16:08 of 3rd period - Stopped by Anton Forsberg without a rebound.
16:09 of 3rd period - Sebastian Aho wins face-off versus Vincent Trocheck in VEGAS Golden Knights zone.
16:09 of 3rd period - Sebastian Aho is hit by Vincent Trocheck.
16:49 of 3rd period - Shot by Alex Killorn.
16:49 of 3rd period - Stopped by Cayden Primeau without a rebound.
16:50 of 3rd period - Colton Sissons wins face-off versus Adam Henrique in FLORIDA Panthers zone.
16:59 of 3rd period - Shot by Tomas Tatar.
16:59 of 3rd period - Stopped by Cayden Primeau with a rebound.
17:01 of 3rd period - Shot by Mikael Granlund.
17:01 of 3rd period - Stopped by Cayden Primeau without a rebound.
17:02 of 3rd period - Colton Sissons wins face-off versus Vincent Trocheck in FLORIDA Panthers zone.
19:10 of 3rd period - Off-side.
19:11 of 3rd period - Sebastian Aho wins face-off versus Vincent Trocheck in neutral zone.
19:32 of 3rd period - Shot by Sebastian Aho.
19:32 of 3rd period - Stopped by Cayden Primeau without a rebound.
19:33 of 3rd period - Adam Henrique wins face-off versus Colton Sissons in FLORIDA Panthers zone.
19:44 of 3rd period - FLORIDA Panthers, Cayden Primeau is pulled from the net.
19:45 of 3rd period - Carter Verhaeghe is hit by Noah Hanifin and loses puck.
19:53 of 3rd period - Icing by Noah Hanifin.
19:54 of 3rd period - Carter Verhaeghe wins face-off versus Sebastian Aho in VEGAS Golden Knights zone.
Goals for this period are 0 for VEGAS Golden Knights vs 1 for FLORIDA Panthers.
Shots for this period are 11 for VEGAS Golden Knights vs 12 for FLORIDA Panthers. Output by the SimonT Hockey Simulator (STHS) for Martin Benoit - Original Page W3C HTML5 Valid
Hockey Simulator - Hockey Simulation - Hockey Manager